 Dungeon Crawl Stone Soup version 0.31-a0-431-g88bdf31460 (webtiles) character file.

Game seed: 49946547546845127

44 lunkers the Insei (level 4, -1/52 HPs)
             Began as a Meteoran Shapeshifter on July 31, 2023.
             Slain by a gnoll
             ... wielding a +3 spear
              (2 damage)
             ... on level 2 of the Dungeon.
             The game lasted 00:01:04 (551 turns).

lunkers the Insei (Meteoran Shapeshifter)            Turns: 551, Time: 00:01:04

Health: -1/52      AC: 22    Str: 16    XL:     4   Next: 10%
Magic:  5/5        EV:  2    Int: 10    God:
Gold:   61         SH:  0    Dex: 16    Spells: 3/3 levels left

rFire   . .          .
                       - Unarmed
rCold   . . .        (no shield)
rNeg    . . .        f - melded +0 chain mail
rPois   +            (helmet currently unavailable)
rElec   .            (cloak currently unavailable)
rCorr   .            (gloves currently unavailable)
SInv    .            (boots currently unavailable)
Will    .....        (no amulet)
Stlth   +            (no ring)
HPRegen 0.28/turn    (no ring)
MPRegen 0.09/turn

%: no passive effects
@: tree-form (expiring), glowing
A: stationary, stasis, torment immunity, boosted hp, sense surroundings 1,
otherworldly, glowing, explore regen
a: no special abilities


You were on level 2 of the Dungeon.
You were a tree.
You visited 1 branch of the dungeon, and saw 2 of its levels.

You collected 61 gold pieces.

Inventory:

Armour
 a - a +0 animal skin
 f - a +0 chain mail (melded)
 l - a +0 pair of boots
Talismans
 c - a beast talisman
Scrolls
 d - a scroll of vulnerability {unknown}
 g - a scroll of revelation {unknown}
 h - a scroll of identify {unknown}
 i - a scroll of enchant weapon {unknown}
 j - a scroll of brand weapon {unknown}
 k - a scroll of blinking {unknown}
Potions
 b - a potion of lignification
 e - a potion of brilliance {unknown}


   Skills:
 - Level 1.1 Fighting
 - Level 2.4 Dodging
 + Level 5.4 Unarmed Combat
 - Level 3.6 Shapeshifting


You had 3 spell levels left.
You didn't know any spells.
Your spell library was empty.

Dungeon Overview and Level Annotations

Branches:
Dungeon (2/15) Zot: 649

Altars:


Innate Abilities, Weirdness & Mutations

You are a tree.
Your roots penetrate the ground, keeping you stationary.
You cannot be teleported.
You are immune to unholy pain and torment.
Your maximum health is greatly increased.
Your equipment is partially melded.
You passively map a small area around you.
You are easily found by Zot.
You glow in the dark.
You regain HP and MP as you explore.


Message History

Unknown command.
The gnoll hits you but does no damage.
Unknown command.
The gnoll hits you from afar with a +3 spear!
* * * LOW HITPOINT WARNING * * *
The gnoll throws a stone.
The stone hits you but does no damage.
Unknown command.
The gnoll throws a stone.
The stone hits you but does no damage.
Unknown command.
The gnoll throws a stone.
The stone barely misses you.
Unknown command.
The gnoll hits you but does no damage.
Unknown command.
The gnoll throws a stone.
The stone hits you but does no damage.
Unknown command.
The gnoll hits you from afar with a +3 spear.
* * * LOW HITPOINT WARNING * * *
The gnoll hits you from afar with a +3 spear.
* * * LOW HITPOINT WARNING * * *
The gnoll throws a stone.
The stone hits you but does no damage.
Unknown command.
The gnoll hits you but does no damage.
Unknown command.
The gnoll hits you but does no damage.
Unknown command.
The gnoll hits you but does no damage.
Unknown command.
The gnoll throws a stone.
The stone hits you but does no damage.
Unknown command.
The gnoll hits you from afar with a +3 spear.
* * * LOW HITPOINT WARNING * * *
The gnoll hits you but does no damage.
Unknown command.
The gnoll hits you but does no damage.
Unknown command.
The gnoll hits you from afar with a +3 spear.
* * * LOW HITPOINT WARNING * * *
Your transformation is almost over.
The gnoll hits you from afar with a +3 spear.
You die...

,
,,,,...####.####
** * *
#..........
######.#### #.#
* * #.# #.# ,
#############.#
#.............#
#♣#############
,, #)# * #g# *
#..glB..#
#.......#
#......... ,
#...........
#.......###. ,
#.......# *


You could see a gnoll, a giant cockroach, a goblin and a frilled lizard.

Vanquished Creatures
  2 gnolls (D:2)
  An adder (D:2)
  An endoplasm (D:1)
  A giant cockroach (D:2)
  4 quokkas
  4 ball pythons
  A rat (D:1)
14 creatures vanquished.

Notes
Turn   | Place    | Note
-------+----------+-------------------------------------------
     0 | D:1      | lunkers the Meteoran Shapeshifter began the quest for the
                  | Orb.
     0 | D:1      | Reached XP level 1. HP: 16/16 MP: 2/2
   193 | D:1      | Reached skill level 4 in Unarmed Combat
   224 | D:1      | Reached XP level 2. HP: 23/23 MP: 3/3
   517 | D:2      | Reached XP level 3. HP: 20/28 MP: 4/4
   519 | D:2      | Reached skill level 5 in Unarmed Combat
   521 | D:2      | Reached XP level 4. HP: 24/35 MP: 5/5
   550 | D:2      | HP: 1/52 [gnoll/+3 spear (4)]
   551 | D:2      | Slain by a gnoll

Illustrated notes

Levels and vault maps discovered:
D:1:      psy_arrival_conway, layout_basic
D:2:      layout_loops_ring, uniq_robin

Skill      XL: |  1  2  3 |
---------------+----------+-----
Unarmed Combat | 4 5 |  5.4
Fighting       | |  1.1
Dodging        | |  2.4
Shapeshifting  | |  3.6

Action                     |  1- 3 |  4- 6 || total
---------------------------+-------+-------++-------
  Melee: Unarmed           |    30 |     1 ||    31
         Punch             |     1 |       ||     1
    Use: Potion            |     1 |       ||     1
 Armour: Animal skin       |     2 |       ||     2
         Chain mail        |    12 |       ||    12
         Skin              |     3 |    18 ||    21
  Dodge: Dodged            |    14 |     4 ||    18

Table legend: (Time is in decaauts)
 A = Elapsed time spent in this place.
 B = Non-inter-level travel time spent in this place.
 C = Inter-level travel time spent in this place.
 D = Time resting spent in this place.
 E = Time spent auto-exploring this place.
 F = Levels seen in this place.
 G = Mean time per level.
                   A        B        C        D        E       F      G
               +--------+--------+--------+--------+--------+-----+--------+
         Total |    549 |    549 |      0 |      0 |    406 |   2 |  274.5 |
       Dungeon |    549 |    549 |      0 |      0 |    406 |   2 |  274.5 |
               +--------+--------+--------+--------+--------+-----+--------+

Top non-repeatable levels by time:
     D:1: 370 daAuts
     D:2: 179 daAuts
